TOP OF THE 1ST |
Niagara Falls Frenzy batting - Pitching for Plymouth Rocks : RHP Walt Burton
|
Pitching: RHP Walt Burton
|
|
Batting: RHB Keitaro Suzuki
|
0-0: Ball 1-0: Called Strike 1-1: Ball 2-1: Called Strike 2-2: Ball 3-2: Strikes out swinging
|
Batting: LHB Dante Owens
|
0-0: Called Strike 0-1: Foul Ball, location: 2F 0-2: Ball 1-2: SINGLE (Line Drive, 6D)
|
Batting: SHB Martín De Jesús
|
0-0: Ball 1-0: Ball 2-0: Foul Ball, location: 2F 2-1: Swinging Strike 2-2: Strikes out looking
|
Batting: RHB Lawrence Schroeder
|
0-0: Ball Dante Owens is caught stealing 2nd base
|
Top of the 1st over - 0 run(s), 1 hit(s), 0 error(s), 0 left on base; Niagara Falls 0 - Plymouth 0 |
BOTTOM OF THE 1ST |
Plymouth Rocks batting - Pitching for Niagara Falls Frenzy : RHP Mark Head
|
Pitching: RHP Mark Head
|
|
Batting: RHB Luis Sánchez
|
0-0: SINGLE (Line Drive, 56D)
|
Batting: SHB Greg Welch
|
0-0: Ball Throwing error on steal attempt, E2 Luis Sánchez to third 1-0: Fly out, F8 (Flyball, 8LM) Runner from 3rd tags up, SCORES, throw made
|
Batting: LHB Roy Patrick
|
0-0: Ground out 4-3 (Groundball, 4)
|
Batting: LHB Roger Moore
|
0-0: Called Strike 0-1: Fly out, F7 (Flyball, 7S)
|
Bottom of the 1st over - 1 run(s), 1 hit(s), 1 error(s), 0 left on base; Niagara Falls 0 - Plymouth 1 |
TOP OF THE 2ND |
Niagara Falls Frenzy batting - Pitching for Plymouth Rocks : RHP Walt Burton
|
Batting: RHB Lawrence Schroeder
|
0-0: Called Strike 0-1: Foul Ball, location: 2F 0-2: Ball 1-2: Foul Ball, location: 2F 1-2: Foul Ball, location: 2F 1-2: Foul Ball, location: 2F 1-2: Ball 2-2: Ground out 4-3 (Groundball, 4)
|
Batting: RHB Zander Tremblett
|
0-0: Fly out, F7 (Flyball, 7S)
|
Batting: LHB Bill Hall
|
0-0: Ball 1-0: Foul Ball, location: 2F 1-1: DOUBLE (Groundball, 3D)
|
Batting: RHB Ángel Hinojosa
|
0-0: Called Strike 0-1: Called Strike 0-2: Ball 1-2: Ball 2-2: Ball 3-2: DOUBLE (Line Drive, 7LM) Bill Hall scores
|
Batting: RHB Luther Stoffels
|
0-0: SINGLE (Groundball, 56D) Ángel Hinojosa to third Runner from 3rd tries for Home, SAFE, no throw or cutoff
|
Batting: RHB Jung-ha Kim
|
0-0: Ball 1-0: Ball Throwing error on steal attempt, E2 Luther Stoffels to third 2-0: Ball 3-0: Ground out 1-3 (Groundball, 25)
|
Top of the 2nd over - 2 run(s), 3 hit(s), 1 error(s), 1 left on base; Niagara Falls 2 - Plymouth 1 |
BOTTOM OF THE 2ND |
Plymouth Rocks batting - Pitching for Niagara Falls Frenzy : RHP Mark Head
|
Batting: RHB Andrés Lara
|
0-0: Foul Ball, location: 2F 0-1: Ball 1-1: Ball 2-1: Ball 3-1: Foul Ball, location: 2F 3-2: Ground out 1-3 (Groundball, 15)
|
Batting: LHB Barrett Waters
|
0-0: Ball 1-0: Called Strike 1-1: Called Strike 1-2: Ground out 4-3 (Groundball, 4)
|
Batting: RHB Javier Deleón
|
0-0: Called Strike 0-1: Ground out 6-3 (Groundball, 6)
|
Bottom of the 2nd over - 0 run(s), 0 hit(s), 0 error(s), 0 left on base; Niagara Falls 2 - Plymouth 1 |
TOP OF THE 3RD |
Niagara Falls Frenzy batting - Pitching for Plymouth Rocks : RHP Walt Burton
|
Batting: RHB Keitaro Suzuki
|
0-0: Called Strike 0-1: Ball 1-1: Ground out 5-3 (Groundball, 56)
|
Batting: LHB Dante Owens
|
0-0: Ball 1-0: Called Strike 1-1: Ball 2-1: Foul Ball, location: 2F 2-2: Ball 3-2: SINGLE (Groundball, 5L)
|
Batting: SHB Martín De Jesús
|
0-0: Called Strike 0-1: Ball 1-1: Foul Ball, location: 2F 1-2: Ball 2-2: SINGLE (Groundball, 6MD) (infield hit) Dante Owens to second
|
Batting: RHB Lawrence Schroeder
|
0-0: Called Strike 0-1: Grounds into double play, 6-4-3 (Groundball, 6)
|
Top of the 3rd over - 0 run(s), 2 hit(s), 0 error(s), 1 left on base; Niagara Falls 2 - Plymouth 1 |
BOTTOM OF THE 3RD |
Plymouth Rocks batting - Pitching for Niagara Falls Frenzy : RHP Mark Head
|
Batting: RHB Júlio Negrón
|
0-0: Ball 1-0: Called Strike 1-1: Ball 2-1: Foul Ball, location: 2F 2-2: Fly out, F3 (Popup, 13)
|
Batting: LHB Sean Nicks
|
0-0: Called Strike 0-1: Ball 1-1: Ball 2-1: Ball 3-1: Ground out 4-3 (Groundball, 4M)
|
Batting: RHB Luis Sánchez
|
0-0: Ball 1-0: Foul Ball, location: 2F 1-1: Ground out 6-3 (Groundball, 6)
|
Bottom of the 3rd over - 0 run(s), 0 hit(s), 0 error(s), 0 left on base; Niagara Falls 2 - Plymouth 1 |
TOP OF THE 4TH |
Niagara Falls Frenzy batting - Pitching for Plymouth Rocks : RHP Walt Burton
|
Batting: RHB Zander Tremblett
|
0-0: Ball 1-0: Ball 2-0: Foul Ball, location: 2F 2-1: Fly out, F8 (Flyball, 78XD)
|
Batting: LHB Bill Hall
|
0-0: Ball 1-0: Called Strike 1-1: Ball 2-1: Ground out 4-3 (Groundball, 4)
|
Batting: RHB Ángel Hinojosa
|
0-0: Swinging Strike 0-1: Ball 1-1: Foul Ball, location: 2F 1-2: Strikes out swinging
|
Top of the 4th over - 0 run(s), 0 hit(s), 0 error(s), 0 left on base; Niagara Falls 2 - Plymouth 1 |
BOTTOM OF THE 4TH |
Plymouth Rocks batting - Pitching for Niagara Falls Frenzy : RHP Mark Head
|
Batting: SHB Greg Welch
|
0-0: Ball 1-0: Ball 2-0: Ball 3-0: Called Strike 3-1: Foul Ball, location: 2F 3-2: Foul Ball, location: 2F 3-2: Fly out, F9 (Flyball, 89M)
|
Batting: LHB Roy Patrick
|
0-0: Called Strike 0-1: Called Strike 0-2: Ball 1-2: Ball 2-2: Strikes out swinging
|
Batting: LHB Roger Moore
|
0-0: Called Strike 0-1: Ball 1-1: Ball 2-1: SINGLE (Groundball, 3S) (infield hit)
|
Batting: RHB Andrés Lara
|
0-0: Ball 1-0: Ball Roger Moore steals 2nd base 2-0: Called Strike 2-1: Called Strike 2-2: Ground out 6-3 (Groundball, 6)
|
Bottom of the 4th over - 0 run(s), 1 hit(s), 0 error(s), 1 left on base; Niagara Falls 2 - Plymouth 1 |
TOP OF THE 5TH |
Niagara Falls Frenzy batting - Pitching for Plymouth Rocks : RHP Walt Burton
|
Batting: RHB Luther Stoffels
|
0-0: Ball 1-0: Swinging Strike 1-1: SINGLE (Groundball, 56)
|
Batting: RHB Jung-ha Kim
|
0-0: Ball 1-0: Ball 2-0: Called Strike 2-1: Foul Ball, location: 2F 2-2: Strikes out swinging
|
Batting: RHB Keitaro Suzuki
|
0-0: Ball 1-0: Called Strike 1-1: Ball 2-1: Ground out 2-3 (Groundball, 25) Luther Stoffels to second
|
Batting: LHB Dante Owens
|
0-0: Ball 1-0: Ball 2-0: Fly out, F8 (Line Drive, 8RD)
|
Top of the 5th over - 0 run(s), 1 hit(s), 0 error(s), 1 left on base; Niagara Falls 2 - Plymouth 1 |
BOTTOM OF THE 5TH |
Plymouth Rocks batting - Pitching for Niagara Falls Frenzy : RHP Mark Head
|
Batting: LHB Barrett Waters
|
0-0: Ground out U3 (Groundball, 3L)
|
Batting: RHB Javier Deleón
|
0-0: Called Strike 0-1: Swinging Strike 0-2: Ball 1-2: SINGLE (Flyball, 89S)
|
Batting: RHB Júlio Negrón
|
0-0: Ball 1-0: Ground out 5-3 (Groundball, 56) Javier Deleón to second
|
Batting: LHB Sean Nicks
|
0-0: Foul Ball, location: 2F 0-1: SINGLE (Groundball, 34D) Javier Deleón to third Runner from 3rd tries for Home, SAFE, no throw or cutoff
|
Batting: RHB Luis Sánchez
|
0-0: Ball 1-0: Called Strike 1-1: Ball 2-1: Ball 3-1: Foul Ball, location: 2F 3-2: Base on Balls Sean Nicks to second
|
Batting: SHB Greg Welch
|
0-0: Ball 1-0: SINGLE (Groundball, 34D) Sean Nicks to third Luis Sánchez to second Runner from 3rd tries for Home, SAFE, no throw or cutoff
|
Batting: LHB Roy Patrick
|
0-0: Ball 1-0: Called Strike 1-1: Foul Ball, location: 2F 1-2: Ball 2-2: Ball 3-2: Foul Ball, location: 2F 3-2: SINGLE (Line Drive, 78S) Luis Sánchez to third Greg Welch to second Luis Sánchez scores Greg Welch to third
|
Batting: LHB Roger Moore
|
0-0: Called Strike 0-1: Ball 1-1: Foul Ball, location: 2F 1-2: Ground out 4-3 (Groundball, 4S)
|
Bottom of the 5th over - 3 run(s), 4 hit(s), 0 error(s), 2 left on base; Niagara Falls 2 - Plymouth 4 |
TOP OF THE 6TH |
Niagara Falls Frenzy batting - Pitching for Plymouth Rocks : RHP Walt Burton
|
Batting: SHB Martín De Jesús
|
0-0: Ball 1-0: Ball 2-0: Foul Ball, location: 2F 2-1: Fly out, F2 (Popup, 25F)
|
Batting: RHB Lawrence Schroeder
|
0-0: Fly out, F9 (Flyball, 89M)
|
Batting: RHB Zander Tremblett
|
0-0: Fly out, F9 (Flyball, 9S)
|
Top of the 6th over - 0 run(s), 0 hit(s), 0 error(s), 0 left on base; Niagara Falls 2 - Plymouth 4 |
BOTTOM OF THE 6TH |
Plymouth Rocks batting - Pitching for Niagara Falls Frenzy : RHP Mark Head
|
Batting: RHB Andrés Lara
|
0-0: Called Strike 0-1: Ball 1-1: Ball 2-1: Foul Ball, location: 2F 2-2: Ground out 6-3 (Groundball, 6)
|
Batting: LHB Barrett Waters
|
0-0: Ground out 4-3 (Groundball, 4)
|
Batting: RHB Javier Deleón
|
0-0: Called Strike 0-1: Foul Ball, location: 2F 0-2: Foul Ball, location: 2F 0-2: Ball 1-2: Strikes out swinging
|
Bottom of the 6th over - 0 run(s), 0 hit(s), 0 error(s), 0 left on base; Niagara Falls 2 - Plymouth 4 |
TOP OF THE 7TH |
Niagara Falls Frenzy batting - Pitching for Plymouth Rocks : RHP Walt Burton
|
Batting: LHB Bill Hall
|
0-0: Ball 1-0: Foul Ball, location: 2F 1-1: Foul Ball, location: 2F 1-2: Ground out 4-3 (Groundball, 4M)
|
Batting: RHB Ángel Hinojosa
|
0-0: SINGLE (Groundball, 6MD)
|
Batting: RHB Luther Stoffels
|
0-0: Ball 1-0: Swinging Strike 1-1: Ball 2-1: SINGLE (Groundball, 56D) (infield hit) Ángel Hinojosa to second
|
Batting: RHB Jung-ha Kim
|
0-0: Ball 1-0: SINGLE (Line Drive, 4M) Ángel Hinojosa to third Luther Stoffels to second
|
Pinch Hitting: RHB Gerald Burnett
|
0-0: SINGLE (Line Drive, 89S) Ángel Hinojosa scores Luther Stoffels to third Jung-ha Kim to second Runner from 3rd tries for Home, SAFE, throw made home
|
Batting: LHB Dante Owens
|
0-0: Ball 1-0: Called Strike 1-1: Ball 2-1: SINGLE (Line Drive, 8RS) Jung-ha Kim to third Gerald Burnett to second Runner from 3rd tries for Home, SAFE, no throw or cutoff
|
Batting: SHB Martín De Jesús
|
0-0: Ball 1-0: Ball 2-0: Called Strike 2-1: 3-RUN HOME RUN (Flyball, 7LD), Distance : 387 ft
|
Pitching: RHP Jean Burrows
|
|
Batting: RHB Lawrence Schroeder
|
0-0: Ball 1-0: Foul Ball, location: 2F 1-1: Swinging Strike 1-2: Fly out, F9 (Flyball, 89M)
|
Batting: RHB Zander Tremblett
|
0-0: Foul Ball, location: 2F 0-1: Ball 1-1: Called Strike 1-2: Ground out 4-3 (Groundball, 4)
|
Top of the 7th over - 6 run(s), 6 hit(s), 0 error(s), 0 left on base; Niagara Falls 8 - Plymouth 4 |
BOTTOM OF THE 7TH |
Plymouth Rocks batting - Pitching for Niagara Falls Frenzy : RHP Mark Head
|
Pitching: LHP Wilbert Cooper
|
|
Now at 1B: Gerald Burnett
|
|
Batting: RHB Júlio Negrón
|
0-0: Ball 1-0: Called Strike 1-1: Fly out, F8 (Flyball, 8RM)
|
Batting: LHB Sean Nicks
|
0-0: Ball 1-0: Foul Ball, location: 2F 1-1: Ball 2-1: SINGLE (Line Drive, 78S)
|
Batting: RHB Luis Sánchez
|
0-0: 2-RUN HOME RUN (Flyball, 7LD), Distance : 379 ft
|
Batting: SHB Greg Welch
|
0-0: Ball 1-0: Swinging Strike 1-1: Swinging Strike 1-2: Foul Ball, location: 2F 1-2: Ball 2-2: Ball 3-2: Foul Ball, location: 2F 3-2: Base on Balls
|
Batting: LHB Roy Patrick
|
0-0: Ball 1-0: Ball 2-0: Ball 3-0: Base on Balls Greg Welch to second
|
Batting: LHB Roger Moore
|
0-0: Ball 1-0: Called Strike 1-1: Ball 2-1: Foul Ball, location: 2F 2-2: Strikes out swinging
|
Batting: RHB Andrés Lara
|
0-0: Called Strike 0-1: Ball 1-1: Ball 2-1: Foul Ball, location: 2F 2-2: Ground out 4-3 (Groundball, 34S)
|
Bottom of the 7th over - 2 run(s), 2 hit(s), 0 error(s), 2 left on base; Niagara Falls 8 - Plymouth 6 |
TOP OF THE 8TH |
Niagara Falls Frenzy batting - Pitching for Plymouth Rocks : RHP Jean Burrows
|
Batting: LHB Bill Hall
|
0-0: Called Strike 0-1: Ball 1-1: Ball 2-1: Called Strike 2-2: Foul Ball, location: 2F 2-2: Ground out U3 (Groundball, 3)
|
Batting: RHB Ángel Hinojosa
|
0-0: Called Strike 0-1: Called Strike 0-2: Foul Ball, location: 2F 0-2: Ball 1-2: Fly out, F3 (Popup, 23F)
|
Batting: RHB Luther Stoffels
|
0-0: Called Strike 0-1: Ball 1-1: Ball 2-1: Ground out 1-3 (Groundball, 15S)
|
Top of the 8th over - 0 run(s), 0 hit(s), 0 error(s), 0 left on base; Niagara Falls 8 - Plymouth 6 |
BOTTOM OF THE 8TH |
Plymouth Rocks batting - Pitching for Niagara Falls Frenzy : LHP Wilbert Cooper
|
Batting: LHB Barrett Waters
|
0-0: Fly out, F4 (Popup, 3D)
|
Batting: RHB Javier Deleón
|
0-0: Ball 1-0: Ball 2-0: Ball 3-0: Base on Balls
|
Pitching: RHP Luis López
|
|
Batting: RHB Júlio Negrón
|
0-0: Swinging Strike 0-1: Foul Ball, location: 2F 0-2: Strikes out looking
|
Pitching: LHP António Bueno
|
|
Batting: LHB Sean Nicks
|
0-0: Called Strike 0-1: Called Strike 0-2: Ball 1-2: Strikes out swinging
|
Bottom of the 8th over - 0 run(s), 0 hit(s), 0 error(s), 1 left on base; Niagara Falls 8 - Plymouth 6 |
TOP OF THE 9TH |
Niagara Falls Frenzy batting - Pitching for Plymouth Rocks : RHP Jean Burrows
|
Batting: RHB Jung-ha Kim
|
0-0: Foul Ball, location: 2F 0-1: Ground out 6-3 (Groundball, 6)
|
Batting: RHB Gerald Burnett
|
0-0: Called Strike 0-1: Swinging Strike 0-2: Ball 1-2: Ball 2-2: Strikes out looking
|
Batting: LHB Dante Owens
|
0-0: Called Strike 0-1: Fly out, F5 (Popup, 5SF)
|
Top of the 9th over - 0 run(s), 0 hit(s), 0 error(s), 0 left on base; Niagara Falls 8 - Plymouth 6 |
BOTTOM OF THE 9TH |
Plymouth Rocks batting - Pitching for Niagara Falls Frenzy : LHP António Bueno
|
Pitching: RHP Esteban Juárez
|
|
Batting: RHB Luis Sánchez
|
0-0: Called Strike 0-1: Ball 1-1: DOUBLE (Groundball, 5L)
|
Batting: SHB Greg Welch
|
0-0: Foul Ball, location: 2F 0-1: Ball 1-1: Ball 2-1: Ball 3-1: Base on Balls
|
Batting: LHB Roy Patrick
|
0-0: Foul Ball, location: 2F 0-1: Called Strike 0-2: Strikes out swinging
|
Batting: LHB Roger Moore
|
0-0: Hit by Pitch Luis Sánchez to third Greg Welch to second
|
Batting: RHB Andrés Lara
|
0-0: Ball 1-0: Swinging Strike 1-1: Ball 2-1: Ball 3-1: DOUBLE (Line Drive, 5D) Luis Sánchez scores Greg Welch scores Roger Moore to third Runner from 3rd tries for Home, SAFE, no throw or cutoff
|
Monday, December 5th, 2016 - OOTP Baseball 17.12 Build 75
|
|